 Dungeon Crawl Stone Soup version 0.19-a0-1608-g4cf22de (webtiles) character file.

126 Goblin1989 the Poker (level 4, -1/30 HPs)
             Began as a Demonspawn Wanderer on Sept 17, 2016.
             Was an Initiate of Okawaru.
             Slain by a gnoll
             ... wielding a +0 flail
              (7 damage)
             ... on level 2 of the Dungeon.
             The game lasted 00:04:42 (1008 turns).

Goblin1989 the Poker (Demonspawn Wanderer)          Turns: 1008, Time: 00:04:44

Health: -1/30      AC:  5    Str: 11    XL:     4   Next: 83%
Magic:  4/4        EV: 10    Int: 10    God:    Okawaru [......]
Gold:   213        SH:  0    Dex: 18    Spells: 0 memorised, 3 levels left

rFire  + . .     SeeInvis .     c - +0 spear
rCold  + . .     Gourm    .     r - +0 ring mail (curse)
rNeg   . . .     Faith    .     (no shield)
rPois  +         Spirit   .     (no helmet)
rElec  +         Dismiss  .     (no cloak)
rCorr  +         Reflect  .     (no gloves)
MR     .....     Harm     .     (no boots)
Stlth  +.........               (no amulet)
                                (no ring)
                                (no ring)

@: resistant, flying
A: claws 1, powered by death 1
a: Renounce Religion


You were on level 2 of the Dungeon.
You worshipped Okawaru.
Okawaru was noncommittal.
You were hungry.

You visited 1 branch of the dungeon, and saw 2 of its levels.

You collected 213 gold pieces.

Inventory:

Hand Weapons
 c - a +0 spear (weapon)
Armour
 r - a cursed +0 ring mail (worn)
Scrolls
 f - 2 scrolls of magic mapping {unknown}
 g - 3 scrolls of identify {unknown}
 i - 4 scrolls of teleportation {unknown}
 l - a scroll of enchant armour {unknown}
 q - a scroll of recharging {unknown}
Potions
 n - a potion of haste {unknown}
Books
 b - the Collected Works on Intoxication

   Spells                             Type                      Level
   a - Sting                          Conjuration/Poison           1
   b - Spider Form                    Transmutation/Poison         3
Comestibles
 d - a bread ration
 h - a beef jerky
 j - a slice of pizza
 k - 5 fruits
 p - a royal jelly


   Skills:
 - Level 3.9 Polearms
 - Level 1.0 Throwing
 - Level 1.0 Dodging
   Level 1.0 Shields
 + Level 2.1 Unarmed Combat
   Level 2.0 Hexes
   Level 2.6 Translocations


You had 3 spell levels left.
You didn't know any spells.

Dungeon Overview and Level Annotations

Branches:
Dungeon (2/15)

Altars:
Makhleb
Okawaru
Uskayaw


Innate Abilities, Weirdness & Mutations

You have sharp fingernails.
You regenerate a little health from kills.


Message History

It was a potion of resistance.
You feel protected.
You barely miss the gnoll. The gnoll hits you with a flail.
* * * LOW HITPOINT WARNING * * *
You take 6 damage, and have 4/30 hp.
The gnoll barely misses you.
You are feeling hungry.
It was a potion of flight.
You feel very buoyant.
You fly up into the air.
You hit the gnoll.
The gnoll is lightly wounded.
The gnoll closely misses you.
You closely miss the gnoll.
The gnoll is lightly wounded.
The gnoll closely misses you.
You barely miss the gnoll.
The gnoll is lightly wounded.
The gnoll hits you with a flail!
You die...

#...............##.#
...............>..##..
..................##.#
.....#####........##.#
.....#####........##.#########
.... #.........÷##...........#
##.# #.###.#.##.#.......####.#
#.#.##.#..#....# ##.##
#.#..g@#..#.##.# #...#
#.#.##.#..#.##.###...#
....##.#..#.#####....#
.....##.#.....###....##
..##...##.#...####...### .
............##..###
#............#..#####
#....##.#....##..#..##
...#.....##...†.##


You could see a gnoll.

Vanquished Creatures
  3 hounds (D:2)
  An adder (D:2)
  2 dart slugs
  A worm (D:2)
  3 giant cockroaches
  3 goblins
  2 hobgoblins (D:1)
  2 kobolds (D:1)
  5 bats
  4 rats
  A fungus (D:1)
27 creatures vanquished.

Notes
Turn   | Place    | Note
-------+----------+-------------------------------------------
     0 | D:1      | Goblin1989 the Demonspawn Wanderer began the quest for the Orb.
     0 | D:1      | Goblin1989 set off with: a +2 leather armour, the Collected Works on Intoxication, a +0 spear, a bread ration
     0 | D:1      | Reached XP level 1. HP: 13/13 MP: 1/1
     0 | D:1      | Identified the Collected Works on Intoxication
   118 | D:1      | Reached skill level 2 in Polearms
   144 | D:1      | Found an iron altar of Okawaru.
   152 | D:1      | Became a worshipper of Warmaster Okawaru
   355 | D:1      | Gained mutation: You regenerate a little health from kills. [demonic ancestry]
   355 | D:1      | Reached XP level 2. HP: 14/19 MP: 2/2
   501 | D:1      | Found a hide-covered altar of Uskayaw.
   607 | D:2      | Reached skill level 3 in Polearms
   720 | D:2      | Found a burning altar of Makhleb.
   729 | D:2      | Reached XP level 3. HP: 21/24 MP: 3/3
   903 | D:2      | Gained mutation: You have sharp fingernails. [demonic ancestry]
   903 | D:2      | Reached XP level 4. HP: 28/30 MP: 4/4
   955 | D:2      | Reached skill level 1 in Unarmed Combat
  1008 | D:2      | Slain by a gnoll

Vault maps used:
D:1:      dpeg_arrival_short_road, minmay_misc_feat_tiny,
          minmay_gold_behind_fungi, kennysheep_flooded_box, serial_bayou_pond_e,
          okawaru_ov_weapons_minmay
D:2:      makhleb_blood_cavern_becter, cheibrodos_gnoll_hut

Skill      XL: |  1  2  3  4 |
---------------+-------------+-----
Polearms       | 2 3 |  3.9
Unarmed Combat | 2 |  2.1
Throwing       | |  1.0
Dodging        | |  1.0
Shields        | |  1.0
Hexes          | |  2.0
Translocations | |  2.6

Action                   |  1- 3 |  4- 6 || total
-------------------------+-------+-------++-------
Melee: Spear             |   112 |    25 ||   137
  Use: Potion            |     1 |     2 ||     3
 Stab: Sleeping          |     2 |       ||     2
Armor: Leather armour    |    26 |       ||    26
       Ring mail         |       |     6 ||     6
Dodge: Dodged            |    40 |    16 ||    56
